 Dungeon Crawl Stone Soup version 0.17-a0-1447-g3d113ad (webtiles) character file.

186 urechis the Ruffian (level 5, 0/50 HPs)
             Began as a Troll Monk on June 29, 2015.
             Slain by a killer bee (3 damage)
             ... on level 4 of the Dungeon.
             The game lasted 00:04:02 (1739 turns).

urechis the Ruffian (Troll Monk)                    Turns: 1739, Time: 00:04:03

Health: 0/50       AC:  6    Str: 19    XL:     5   Next: 38%
Magic:  4/4        EV: 10    Int: 10    God:
Gold:   2          SH:  0    Dex: 13    Spells: 0 memorised, 4 levels left

rFire  x . .     SeeInvis .       - Unarmed
rCold  . . .     Clarity  .     a - +0 robe
rNeg   . . .     SustAt   .     (no shield)
rPois  +         Gourm    +     (helmet restricted)
rElec  .         Spirit   .     r - +0 cloak of Byed {rPois rF- Regen+ Int+4}
rCorr  .         Warding  .     (gloves unavailable)
rMut   .         Stasis   .     (boots unavailable)
MR     .....                    (no amulet)
Stlth  +.........               (no ring)
                                (no ring)

@: lethally poisoned (0 -> 0), not resistant to hostile enchantments, very
unstealthy
A: unfitting armour, claws 3, fast metabolism 3, gourmand, regeneration 2,
shaggy fur 1, tough skin 2
a: no special abilities


You were on level 4 of the Dungeon.
You were full.

You visited 1 branch of the dungeon, and saw 4 of its levels.

You collected 182 gold pieces.
You spent 180 gold pieces at shops.

Inventory:

Missiles
 o - 38 poisoned needles
Armour
 a - a +0 robe (worn)
 r - the +0 cloak of Byed (worn) {rPois rF- Regen+ Int+4}
   (You bought it in a shop on level 4 of the Dungeon)

   It affects your intelligence (+4).
   It makes you vulnerable to fire.
   It protects you from poison.
   It increases your rate of regeneration.
Scrolls
 e - a scroll of blinking {unknown}
 f - a scroll of identify {unknown}
 g - 3 scrolls of enchant weapon {unknown}
 l - a scroll of teleportation {unknown}
 m - a scroll of enchant armour {unknown}
 q - a scroll of noise {unknown}
 s - a scroll of recharging {unknown}
Potions
 d - a potion of cancellation {unknown}
 h - 2 potions of ambrosia {unknown}
 i - 2 potions of heal wounds {unknown}
 k - a potion of invisibility {unknown}
 p - a potion of poison {unknown}
 t - a potion of cure mutation {unknown}
Comestibles
 b - 4 bread rations
 c - 2 meat rations
 j - a beef jerky
 n - a royal jelly


   Skills:
 - Level 2.4 Fighting
 - Level 2.4 Dodging
 - Level 1.1 Stealth
 + Level 6.7 Unarmed Combat


You had 4 spell levels left.
You didn't know any spells.

Dungeon Overview and Level Annotations

Branches:
Dungeon (4/15)
 Temple: D:4-7

Altars:
Ru

Shops:
D:4 *


Innate Abilities, Weirdness & Mutations

You are too large for most types of armour.
You have claws for hands.
Your metabolism is lightning-fast.
You like to eat raw meat.
You heal very quickly.
You are covered in fur (AC +1).
You have very tough skin (AC +2).


Message History

You are too injured to fight recklessly!
You are too injured to fight recklessly!
You are too injured to fight recklessly!
You are too injured to fight recklessly!
You are too injured to fight recklessly!
You are too injured to fight recklessly!
You are too injured to fight recklessly!
You are too injured to fight recklessly!
You feel sick. The killer bee closely misses you.
The killer bee closely misses you.
There is an open door here.
You closely miss the orc. The killer bee barely misses you.
The killer bee stings you.
* * * LOW HITPOINT WARNING * * *
The killer bee stings you!
* * * LOW HITPOINT WARNING * * *
The orc barely misses you. The killer bee closely misses you.
You barely miss the orc.
You feel sick. The killer bee closely misses you. The killer bee stings you.
You die...

(...###############
########..##
#######...##
##...## #.... #
##.....###.....##
#...# #
#...)...#...(...#
#...# #
#.......#.......#
#...# #
#.......#.......#
#...# #
##.....###.....#
#...# #######.†.##


#yyo# ..#.# ......##'#######@###### .....# ##.##................... ....###
##.##................... ........................ ......##'#######+#######
#######...## # ##.....## . #.......# #.......# You could see 2 killer bees and
an orc.

Vanquished Creatures
  A killer bee (D:4)
  A hound (D:4)
  An orc priest (D:3)
  A gnoll (D:1)
  An adder (D:3)
  A worm (D:2)
  2 giant geckos
  2 orcs (D:3)
  7 bats
  8 hobgoblins
  2 jackals (D:1)
  4 kobolds
  2 giant cockroaches (D:2)
  A giant newt (D:2)
  7 goblins
  3 quokkas
  6 rats
50 creatures vanquished.

Notes
Turn   | Place    | Note
--------------------------------------------------------------
     0 | D:1      | urechis the Troll Monk began the quest for the Orb.
     0 | D:1      | Reached XP level 1. HP: 22/22 MP: 0/0
    35 | D:1      | Reached XP level 2. HP: 29/29 MP: 1/1
   430 | D:2      | Reached skill level 5 in Unarmed Combat
   452 | D:2      | Reached XP level 3. HP: 21/36 MP: 2/2
  1070 | D:3      | Reached XP level 4. HP: 37/44 MP: 3/3
  1472 | D:4      | Found Okomnapt's Assorted Antiques.
  1490 | D:4      | Bought an ichor-stained cloak for 180 gold pieces
  1495 | D:4      | Identified the +0 cloak of Byed {rPois rF- Regen+ Int+4} (You bought it in a shop on level 4 of the Dungeon)
  1551 | D:4      | Found a sacrificial altar of Ru.
  1663 | D:4      | Reached skill level 6 in Unarmed Combat
  1735 | D:4      | Reached XP level 5. HP: 29/50 MP: 4/4
  1739 | D:4      | Slain by a killer bee

Vault maps used:
D:1:      dpeg_arrival_arbitrary_c, solitary_fountain
D:2:      first_bread, fountainhead
D:4:      kennysheep_six_static_rooms, temple_statues, serial_shops, shop,
          shop_statue, shop_fountains,
          nicolae_shop_temple_entry_statues_fountains,
          nicolae_shop_overgrown_old_shop, nicolae_ru_awakened_eye

Action                   |  1- 3 |  4- 6 || total
-------------------------+-------+-------++-------
Melee: Unarmed           |    98 |    46 ||   144
 Stab: Sleeping          |       |     1 ||     1
  Eat: Chunk             |    12 |     6 ||    18
